ABL
ESSENDON KNIGHTS @ NEWCASTLE BOMBERS
08/08/2022
 
TOP OF THE 1ST
Essendon Knights batting - Pitching for Newcastle Bombers : RHP Herb Bartholomew
Pitching: RHP Herb Bartholomew
Batting: LHB Geoff Sandow 0-0: Ball
1-0: Ball
2-0: Ball
3-0: Called Strike
3-1: Fly out, F9 (Flyball, 9, EV 91.3 MPH)
Batting: SHB Claud Gard 0-0: Called Strike
0-1: Ground out 6-3 (Groundball, 6M, EV 80.0 MPH)
Batting: LHB Tristan Starling 0-0: Ball
1-0: SOLO HOME RUN (Flyball, 89XD, EV 99.4 MPH), Distance : 409 ft
Batting: RHB Chase Binns 0-0: Swinging Strike
0-1: Ground out 3-1 (Groundball, 34, EV 106.9 MPH)
Top of the 1st over - 1 run, 1 hit, 0 errors, 0 left on base; Essendon 1 - Newcastle 0
BOTTOM OF THE 1ST
Newcastle Bombers batting - Pitching for Essendon Knights : RHP Les Waycott
Pitching: RHP Les Waycott
Batting: LHB Darby Wellington 0-0: Ball
1-0: Ball
2-0: Swinging Strike
2-1: Ball
3-1: Called Strike
3-2: Base on Balls
Batting: LHB Danny Newham 0-0: Foul Ball, location: 7LDF
0-1: DOUBLE (Line Drive, 78D, EV 97.5 MPH)
Darby Wellington to third
Batting: RHB Bill Lindner 0-0: Called Strike
0-1: Called Strike
0-2: Ball
1-2: SINGLE (Line Drive, 78S, EV 87.5 MPH)
Darby Wellington scores
Danny Newham to third
Runner from 3rd tries for Home, SAFE, throw by CF to home
Bill Lindner to second
Batting: RHB Frank Elmar 0-0: Called Strike
0-1: Ball
1-1: Ball
2-1: Ball
3-1: Foul Ball, location: 9LDF
3-2: Ground out 4-3 (Groundball, 4, EV 103.8 MPH)
Bill Lindner to third
Batting: RHB Adrian Stewart 0-0: Foul Ball, location: 2F
0-1: Fly out, F9 (Flyball, 89M, EV 94.4 MPH)
Runner from 3rd tags up, SCORES, throw by RF
Batting: LHB Rafael Pichardo 0-0: Ball
1-0: Called Strike
1-1: Called Strike
1-2: Foul Ball, location: 2F
1-2: Strikes out looking
Bottom of the 1st over - 3 runs, 2 hits, 0 errors, 0 left on base; Essendon 1 - Newcastle 3
TOP OF THE 2ND
Essendon Knights batting - Pitching for Newcastle Bombers : RHP Herb Bartholomew
Batting: LHB Ben Honeyfield 0-0: Ball
1-0: Called Strike
1-1: Called Strike
1-2: Strikes out swinging
Batting: RHB Garrick Grendon 0-0: Ball
1-0: Ball
2-0: Ball
3-0: Called Strike
3-1: Base on Balls
Batting: RHB Jefferson Scoley 0-0: Ball
1-0: Ball
Garrick Grendon is caught stealing 2nd base 2-4
2-0: Fly out, F8 (Flyball, 8RXD, EV 103.8 MPH)
Top of the 2nd over - 0 runs, 0 hits, 0 errors, 0 left on base; Essendon 1 - Newcastle 3
BOTTOM OF THE 2ND
Newcastle Bombers batting - Pitching for Essendon Knights : RHP Les Waycott
Batting: SHB Darrin Dalley 0-0: Ball
1-0: Ball
2-0: Foul Ball, location: 5F
2-1: Foul Ball, location: 7LMF
2-2: Strikes out swinging
Batting: RHB Everett Essex 0-0: Called Strike
0-1: SOLO HOME RUN (Flyball, 7D, EV 98.1 MPH), Distance : 386 ft
Batting: RHB Herb Bartholomew 0-0: SINGLE (Groundball, 34D, EV 103.1 MPH)
Batting: LHB Darby Wellington 0-0: Called Strike
0-1: Ball
1-1: Ball
2-1: Ball
3-1: Fly out, F4 (Popup, 34, EV 70.6 MPH)
Batting: LHB Danny Newham 0-0: Ball
1-0: Called Strike
1-1: Ball
2-1: Foul Ball, location: 2F
2-2: Strikes out swinging
Bottom of the 2nd over - 1 run, 2 hits, 0 errors, 1 left on base; Essendon 1 - Newcastle 4
TOP OF THE 3RD
Essendon Knights batting - Pitching for Newcastle Bombers : RHP Herb Bartholomew
Batting: RHB Les Waycott 0-0: Called Strike
0-1: Called Strike
0-2: Ball
1-2: Ball
2-2: Strikes out swinging
Batting: RHB Brad Rogerson 0-0: Called Strike
0-1: Foul Ball, location: 5FF
0-2: Ball
1-2: Foul Ball, location: 2F
1-2: Ball
2-2: Foul Ball, location: 5FF
2-2: Foul Ball, location: 3DF
2-2: Ball
3-2: Fly out, F9 (Flyball, 89M, EV 95.6 MPH)
Batting: LHB Geoff Sandow 0-0: Called Strike
0-1: SINGLE (Line Drive, 9S, EV 85.0 MPH)
Batting: SHB Claud Gard 0-0: Ball
1-0: Called Strike
1-1: Ball
2-1: Ball
3-1: Foul Ball, location: 3SF
3-2: Base on Balls
Geoff Sandow to second
Batting: LHB Tristan Starling 0-0: Ball
1-0: Foul Ball, location: 2RF
1-1: Ball
2-1: Ball
3-1: Fly out, F9 (Flyball, 89M, EV 75.6 MPH)
Top of the 3rd over - 0 runs, 1 hit, 0 errors, 2 left on base; Essendon 1 - Newcastle 4
BOTTOM OF THE 3RD
Newcastle Bombers batting - Pitching for Essendon Knights : RHP Les Waycott
Batting: RHB Bill Lindner 0-0: Ball
1-0: Ball
2-0: Ground out 5-3 (Groundball, 56S, EV 80.0 MPH)
Batting: RHB Frank Elmar 0-0: Called Strike
0-1: Swinging Strike
0-2: Ball
1-2: Ball
2-2: Ball
3-2: Ground out 5-3 (Groundball, 56S, EV 85.0 MPH)
Batting: RHB Adrian Stewart 0-0: Foul Ball, location: 9LSF
0-1: Ground out 6-3 (Groundball, 6, EV 84.4 MPH)
Bottom of the 3rd over - 0 runs, 0 hits, 0 errors, 0 left on base; Essendon 1 - Newcastle 4
TOP OF THE 4TH
Essendon Knights batting - Pitching for Newcastle Bombers : RHP Herb Bartholomew
Batting: RHB Chase Binns 0-0: Called Strike
0-1: Ground out 3-1 (Groundball, 34, EV 101.9 MPH)
Batting: LHB Ben Honeyfield 0-0: Ball
1-0: Foul Ball, location: 3SF
1-1: Ball
2-1: Called Strike
2-2: Foul Ball, location: 7LSF
2-2: Fly out, F5 (Popup, 5SF, EV 86.3 MPH)
Batting: RHB Garrick Grendon 0-0: Called Strike
0-1: Fly out, F8 (Flyball, 8LM, EV 79.4 MPH)
Top of the 4th over - 0 runs, 0 hits, 0 errors, 0 left on base; Essendon 1 - Newcastle 4
BOTTOM OF THE 4TH
Newcastle Bombers batting - Pitching for Essendon Knights : RHP Les Waycott
Batting: LHB Rafael Pichardo 0-0: Called Strike
0-1: Swinging Strike
0-2: Strikes out swinging
Batting: SHB Darrin Dalley 0-0: Swinging Strike
0-1: Foul Ball, location: 25F
0-2: Ball
1-2: Foul Ball, location: 9LSF
1-2: Strikes out swinging
Batting: RHB Everett Essex 0-0: Called Strike
0-1: Ball
1-1: Ball
2-1: Ball
3-1: Called Strike
3-2: Foul Ball, location: 9LDF
3-2: Strikes out looking
Bottom of the 4th over - 0 runs, 0 hits, 0 errors, 0 left on base; Essendon 1 - Newcastle 4
TOP OF THE 5TH
Essendon Knights batting - Pitching for Newcastle Bombers : RHP Herb Bartholomew
Batting: RHB Jefferson Scoley 0-0: Foul Ball, location: 9LDF
0-1: Called Strike
0-2: Strikes out looking
Batting: RHB Les Waycott 0-0: Called Strike
0-1: Ball
1-1: Called Strike
1-2: Ground out U3 (Groundball, 34S, EV 69.4 MPH)
Batting: RHB Brad Rogerson 0-0: Ground out 1-3 (Groundball, 13S, EV 70.6 MPH)
Top of the 5th over - 0 runs, 0 hits, 0 errors, 0 left on base; Essendon 1 - Newcastle 4
BOTTOM OF THE 5TH
Newcastle Bombers batting - Pitching for Essendon Knights : RHP Les Waycott
Batting: RHB Herb Bartholomew 0-0: SINGLE (Line Drive, 4D, EV 105.0 MPH)
Batting: LHB Darby Wellington 0-0: Ball
1-0: Ball
2-0: Called Strike
2-1: Bunted foul
2-2: Foul Ball, location: 2F
2-2: Ball
3-2: Fielders Choice at 2nd, 4-6 (Groundball, 4M, EV 87.5 MPH)
Batting: LHB Danny Newham 0-0: Ground out 6-3 (Groundball, P, EV 80.6 MPH)
Darby Wellington to second
Batting: RHB Bill Lindner 0-0: Foul Ball, location: 2F
0-1: Called Strike
0-2: Ground out 4-3 (Groundball, 4, EV 104.4 MPH)
Bottom of the 5th over - 0 runs, 1 hit, 0 errors, 1 left on base; Essendon 1 - Newcastle 4
TOP OF THE 6TH
Essendon Knights batting - Pitching for Newcastle Bombers : RHP Herb Bartholomew
Batting: LHB Geoff Sandow 0-0: Ball
1-0: Ball
2-0: Ball
3-0: Ground out 6-3 (Groundball, 6, EV 84.4 MPH)
Batting: SHB Claud Gard 0-0: Foul Ball, location: 7LSF
0-1: Ground out 6-3 (Groundball, 6, EV 100.6 MPH)
Batting: LHB Tristan Starling 0-0: Called Strike
0-1: Ball
1-1: Ball
2-1: Ball
3-1: Base on Balls
Batting: RHB Chase Binns 0-0: Called Strike
0-1: SINGLE (Groundball, 6MD, EV 100.6 MPH)
Tristan Starling to second
Batting: LHB Ben Honeyfield 0-0: Swinging Strike
0-1: Called Strike
0-2: Ball
1-2: Foul Ball, location: 7LMF
1-2: Fly out, F7 (Flyball, 7D, EV 107.5 MPH)
Top of the 6th over - 0 runs, 1 hit, 0 errors, 2 left on base; Essendon 1 - Newcastle 4
BOTTOM OF THE 6TH
Newcastle Bombers batting - Pitching for Essendon Knights : RHP Les Waycott
Batting: RHB Frank Elmar 0-0: Ball
1-0: Ball
2-0: Foul Ball, location: 2F
2-1: Called Strike
2-2: Foul Ball, location: 2F
2-2: Ball
3-2: Foul Ball, location: 5DF
3-2: Foul Ball, location: 2F
3-2: Ground out 4-3 (Groundball, 4S, EV 87.5 MPH)
Batting: RHB Adrian Stewart 0-0: Foul Ball, location: 3F
0-1: Reached on error, E6 (Groundball, 6, EV 96.3 MPH)
Batting: LHB Rafael Pichardo 0-0: Ball
1-0: Foul Ball, location: 2F
1-1: Ball
2-1: Foul Ball, location: 9LMF
Pickoff Throw to First - Out! 1-3
2-2: Foul Ball, location: 2F
2-2: Ball
3-2: Foul Ball, location: 9LMF
3-2: Foul Ball, location: 2F
3-2: Ground out 6-3 (Groundball, P, EV 89.4 MPH)
Bottom of the 6th over - 0 runs, 0 hits, 1 error, 0 left on base; Essendon 1 - Newcastle 4
TOP OF THE 7TH
Essendon Knights batting - Pitching for Newcastle Bombers : RHP Herb Bartholomew
Batting: RHB Garrick Grendon 0-0: Called Strike
0-1: Ball
1-1: Called Strike
1-2: Strikes out swinging
Pitching: LHP Denis Kivell
Batting: RHB Jefferson Scoley 0-0: Ball
1-0: Ground out 5-3 (Groundball, 56S, EV 77.5 MPH)
Pinch Hitting: RHB Ziggy Williams 0-0: Called Strike
0-1: SINGLE (Line Drive, 8RM, EV 105.0 MPH)
Batting: RHB Brad Rogerson 0-0: Ball
1-0: Ball
2-0: Foul Ball, location: 7LSF
2-1: Called Strike
2-2: Strikes out swinging
Top of the 7th over - 0 runs, 1 hit, 0 errors, 1 left on base; Essendon 1 - Newcastle 4
BOTTOM OF THE 7TH
Newcastle Bombers batting - Pitching for Essendon Knights : RHP Les Waycott
Pitching: RHP Matthew Westaway
Batting: SHB Darrin Dalley 0-0: Ball
1-0: Ball
2-0: Called Strike
2-1: Ball
3-1: Foul Ball, location: 2F
3-2: Ground out U3 (Groundball, 3, EV 108.1 MPH)
Batting: RHB Everett Essex 0-0: Ball
1-0: Ground out 5-3 (Groundball, 56, EV 103.8 MPH)
Pinch Hitting: RHB Newt Dingle 0-0: Ball
1-0: Ball
2-0: Called Strike
2-1: Foul Ball, location: 2F
2-2: Ball
3-2: Base on Balls
Batting: LHB Darby Wellington 0-0: Ball
1-0: Ball
Newt Dingle is caught stealing 2nd base 2-6
Bottom of the 7th over - 0 runs, 0 hits, 0 errors, 0 left on base; Essendon 1 - Newcastle 4
TOP OF THE 8TH
Essendon Knights batting - Pitching for Newcastle Bombers : LHP Denis Kivell
Pitching: RHP Bradford Thomson
Batting: LHB Geoff Sandow 0-0: Fly out, F4 (Popup, 34S, EV 77.5 MPH)
Batting: SHB Claud Gard 0-0: Hit by Pitch
Batting: LHB Tristan Starling
Pitching: LHP Alf Ross 0-0: Called Strike
0-1: SINGLE (Line Drive, 5D, EV 95.6 MPH)
Claud Gard to second
Batting: RHB Chase Binns 0-0: Called Strike
0-1: Swinging Strike
0-2: Strikes out looking
Pinch Hitting: RHB Leroy Sirett 0-0: Ball
1-0: Ball
2-0: Called Strike
2-1: Called Strike
2-2: Strikes out swinging
Top of the 8th over - 0 runs, 1 hit, 0 errors, 2 left on base; Essendon 1 - Newcastle 4
BOTTOM OF THE 8TH
Newcastle Bombers batting - Pitching for Essendon Knights : RHP Matthew Westaway
Now in LF: Leroy Sirett
Now in CF: Claud Gard
Batting: LHB Darby Wellington 0-0: Called Strike
0-1: Ball
1-1: SINGLE (Groundball, 23, EV 71.3 MPH) (infield hit)
Batting: LHB Danny Newham 0-0: SINGLE (Groundball, 56D, EV 104.4 MPH)
Darby Wellington to second
Batting: RHB Bill Lindner 0-0: Called Strike
0-1: SINGLE (Groundball, 6D, EV 100.6 MPH)
Darby Wellington to third
Danny Newham to second
Runner from 3rd tries for Home, SAFE, throw by CF to home
Batting: RHB Frank Elmar 0-0: Ball
1-0: Fly out, F8 (Flyball, 8RXD, EV 110.6 MPH)
Runner from 2nd tags up, SAFE at 3rd, no throw by CF
Batting: RHB Adrian Stewart 0-0: Ball
1-0: Foul Ball, location: 5F
1-1: Swinging Strike
1-2: Ground out 5-3 (Groundball, 56S, EV 67.5 MPH)
Danny Newham scores
Bill Lindner to second
Batting: LHB Rafael Pichardo 0-0: Ball
1-0: Ball
2-0: Fly out, F2 (Popup, 15S, EV 82.5 MPH)
Bottom of the 8th over - 2 runs, 3 hits, 0 errors, 1 left on base; Essendon 1 - Newcastle 6
TOP OF THE 9TH
Essendon Knights batting - Pitching for Newcastle Bombers : LHP Alf Ross
Batting: RHB Garrick Grendon 0-0: Fly out, F4 (Popup, 4MD, EV 68.1 MPH)
Batting: RHB Jefferson Scoley 0-0: Called Strike
0-1: Ball
1-1: Foul Ball, location: 2F
1-2: Ball
2-2: Ground out 6-3 (Groundball, 6MD, EV 96.3 MPH)
Pinch Hitting: RHB Mark Fairthorne 0-0: Ball
1-0: SINGLE (Line Drive, 8RS, EV 96.9 MPH)
Batting: RHB Brad Rogerson 0-0: Ball
1-0: Called Strike
1-1: SINGLE (Groundball, 56D, EV 100.0 MPH)
Mark Fairthorne to second
Batting: LHB Geoff Sandow 0-0: Foul Ball, location: 2F
0-1: Ball
1-1: Ball
2-1: Foul Ball, location: 2F
2-2: Foul Ball, location: 2F
2-2: Ball
3-2: Foul Ball, location: 7LSF
3-2: Fly out, F7 (Flyball, 7, EV 91.9 MPH)
Top of the 9th over - 0 runs, 2 hits, 0 errors, 2 left on base; Essendon 1 - Newcastle 6
Thursday, May 2nd , 2024 - OOTP Baseball 24.9 Build 80